 Dungeon Crawl Stone Soup version bcrawl-1.13.5 (webtiles) character file.

Game seed: 13287469587023295496

23 binko the Skirmisher (level 2, 0/25 HPs)
             Began as an Oni Wizard on Sept 4, 2019.
             Slain by a bat (1 damage)
             ... on level 1 of the Dungeon.
             The game lasted 00:01:46 (452 turns).

binko the Skirmisher (Oni Wizard)                    Turns: 452, Time: 00:01:46

Health: 0/25       AC:  2    Str: 10    XL:     2   Next: 95%
Magic:  0/7        EV: 12    Int: 19    God:
Gold:   31         SH:  0    Dex:  9    Spells: 4/5 levels left

rFire    + . .     SeeInvis .   (no weapon)
rCold    x . .     Gourm    .   (no shield)
rNeg     . . .     Faith    .   b - +0 animal skin
rPois    .         Spirit   .   c - +0 hat
rElec    .         Reflect  .   (no cloak)
rCorr    .         Harm     .   (no gloves)
MR       .....                  (no boots)
Stlth    ++........             (no amulet)
HPRegen  0.08/turn              d - ring of fire
MPRegen  0.10/turn              (no ring)

@: very slightly contaminated
A: oni magic, claws 1, fangs 1, horns 1
a: no special abilities


You were on level 1 of the Dungeon.
You were not hungry.

You visited 1 branch of the dungeon, and saw 1 of its levels.

You collected 31 gold pieces.

Inventory:

Armour
 b - a +0 animal skin (worn)
 c - a +0 hat (worn)
Jewellery
 d - a ring of fire (left claw)
Scrolls
 e - a scroll of identify {unknown}
Potions
 a - a potion of curing {unknown}
 g - a potion of haste {unknown}
Comestibles
 f - 3 rations {!d}


   Skills:
 + Level 2.4 Fighting
 - Level 1.7 Dodging
 - Level 1.7 Stealth
 - Level 2.1 Spellcasting


You had 4 spell levels left.
You knew the following spells:

 Your Spells              Type           Power        Failure   Level  Hunger
a - Magic Dart            Conj           ##..         6%          1    #......

Your spell library contained the following spells:

 Spells                   Type           Power        Failure   Level  Hunger
 Pain                     Necr           ##..         6%          1    #......
 Slow                     Hex            ##......     6%          1    #......
 Blink                    Tloc           N/A          9%          2    ##.....
 Call Imp                 Summ           ##......     9%          2    ##.....
 Conjure Flame            Conj/Fire      ###.....     21%         3    ###....
 Mephitic Cloud           Conj/Pois/Air  #.......     22%         3    ###....


Dungeon Overview and Level Annotations

Branches:
Dungeon (1/12)

Altars:


Innate Abilities, Weirdness & Mutations

You learn spells by gaining experience, not through books or religion.
You only train spellcasting to practice magic.
You have sharp fingernails.
You have very sharp teeth.
You have a pair of small horns on your head.


Message History

Press: ? - help, Shift-Dir - straight line, f - goblin
Aim: a goblin, wielding a +0 dagger The magic dart hits the goblin.
The goblin is severely wounded.
The goblin completely misses you.
Casting: Magic Dart (safe; 6% risk of failure)
Confirm with . or Enter, or press ? or * to list all spells.
Aiming: Magic Dart (safe; 6% risk of failure)
Press: ? - help, Shift-Dir - straight line, f/p - goblin
Aim: a goblin, wielding a +0 dagger (severely wounded)
You miscast Magic Dart.
You are very lightly contaminated with residual magic.
You feel a strange surge of energy! The goblin closely misses you.
Casting: Magic Dart (safe; 6% risk of failure)
Confirm with . or Enter, or press ? or * to list all spells.
You don't have enough magic to cast that spell.
You scratch the goblin.
You kill the goblin!
The bat hits you.
You die...

.†...........#..#.....#.#
#.#
....###......#..####..#.##
#)# ....#
#......#..####..#..# #.#
....#
#......#..#........####.#
....#
#......#................#
....#
#...........##(.....###.#
#####
########....##.#.....##.#
##...#####....##.# #.@.#
#.....##.#
#.b.##........#.#
###.............#
##.).##.......#
#.†.##..#....#
#†..######...# #...# (...
....# ##).#


You could see a bat.

Vanquished Creatures
  A dart slug (D:1)
  3 bats (D:1)
  3 giant cockroaches (D:1)
  2 goblins (D:1)
  A hobgoblin (D:1)
  2 kobolds (D:1)
  A quokka (D:1)
  A frilled lizard (D:1)
  7 rats (D:1)
21 creatures vanquished.

Notes
Turn   | Place    | Note
-------+----------+-------------------------------------------
     0 | D:1      | binko the Oni Wizard began the quest for the Orb.
     0 | D:1      | Reached XP level 1. HP: 14/14 MP: 5/5
    94 | D:1      | Reached skill level 1 in Fighting
   100 | D:1      | Reached XP level 2. HP: 14/23 MP: 1/7
   446 | D:1      | HP: 1/25 [goblin/+0 dagger (2)]
   452 | D:1      | Slain by a bat

Skill      XL: |  1  2 |
---------------+-------+-----
Fighting       | 1 2 |  2.4
Dodging        | |  1.7
Stealth        | |  1.7
Spellcasting   | |  2.1

Action                   || total
-------------------------++-------
Melee: Unarmed           ||    46
       Headbutt          ||     3
       Bite              ||     2
 Cast: Magic Dart        ||    29
 Stab: Sleeping          ||     1
Armor: Animal skin       ||    13
Dodge: Dodged            ||    34
